 Dungeon Crawl Stone Soup version 0.19.0-11-g3fc08b3 (webtiles) character file.

205 Gingerlord the Ducker (level 5, -8/39 HPs)
             Began as a Mummy Artificer on Nov 9, 2016.
             Killed by divine providence
             ... invoked by an orc priest
              (15 damage)
             ... on level 4 of the Dungeon.
             The game lasted 00:06:22 (3097 turns).

Gingerlord the Ducker (Mummy Artificer)             Turns: 3097, Time: 00:06:23

Health: -8/39      AC: 11    Str: 16    XL:     5   Next: 52%
Magic:  6/6        EV:  7    Int: 11    God:
Gold:   197        SH:  0    Dex: 12    Spells: 0 memorised, 4 levels left

rFire  x . .     SeeInvis .     p - +0 war axe
rCold  + . .     Gourm    .     n - +0 chain mail
rNeg   + + +     Faith    .     (no shield)
rPois  ∞         Spirit   .     h - +2 hat
rElec  .         Reflect  .     m - +0 cloak {MR+}
rCorr  .         Harm     .     (no gloves)
MR     ++...                    (no boots)
Stlth  ..........               (no amulet)
                                (no ring)
                                j - ring of protection from magic

@: no status effects
A: no food or potions, fire vulnerability, cold resistance 1, negative energy
resistance 3, torment resistance, unbreathing
a: no special abilities


You were on level 4 of the Dungeon.
You were not hungry.

You visited 1 branch of the dungeon, and saw 4 of its levels.

You collected 197 gold pieces.

Inventory:

Hand Weapons
 a - a +0 short sword
 p - a +0 war axe (weapon)
Armour
 g - a +1 plate armour of poison resistance
 h - a +2 hat (worn)
 m - a +0 cloak of magic resistance (worn)
 n - a +0 chain mail (worn)
Jewellery
 j - a ring of protection from magic (left hand)
Wands
 c - a wand of flame (15/48)
 d - a wand of enslavement (14/24)
 e - a wand of random effects (14/48)
Scrolls
 b - a scroll of blinking
 f - 3 scrolls of recharging
 i - a scroll of immolation
 k - a scroll of teleportation
 l - a scroll of remove curse {unknown}
 o - a scroll of amnesia
 q - a scroll of identify
 r - a scroll of fog {unknown}
 s - a scroll of random uselessness {unknown}


   Skills:
 + Level 2.6 Fighting
 - Level 0.7 Short Blades
 * Level 1.8 Axes
 + Level 2.0 Armour
 + Level 2.9 Dodging
 - Level 0.7 Stealth
 - Level 2.4 Evocations


You had 4 spell levels left.
You didn't know any spells.

Dungeon Overview and Level Annotations

Branches:
Dungeon (4/15)
 Temple: D:4-7

Altars:
Xom
Yredelemnul


Innate Abilities, Weirdness & Mutations

You do not eat or drink.
Your flesh is vulnerable to fire.
You are immune to poison.
Your flesh is cold resistant. (rC+)
You are immune to negative energy. (rN+++)
You are immune to unholy pain and torment.
You can survive without breathing.


Message History

The orc priest hits you but does no damage.
Unknown command.
Your chain mail prevents you from hitting the orc priest.
The orc priest is almost dead.
You closely miss the orc wizard.
The orc wizard hits you but does no damage.
The orc priest barely misses you. The orc wizard barely misses you.
Unknown command.
Your chain mail prevents you from hitting the orc priest.
The orc priest is almost dead.
You hit the orc wizard.
You kill the orc wizard!
Your Armour skill increases to level 2!
The orc priest hits you but does no damage.
The orc priest closely misses you.
You closely miss the orc priest.
The orc priest is almost dead.
The orc priest mumbles some strange prayers to Beogh against you.
Beogh smites you!
You die...

##..##
##..##
##..##
##.###
##.##
###.##
##..##
##..##
##@o##
...####.)##
........##
...###...#
##..##
##..# ##..#
..# #.o#


You could see an orc priest.

Vanquished Creatures
  Ijyb (D:3)
  2 orc wizards
  3 adders
  An ooze (D:3)
  2 worms (D:2)
  A leopard gecko (D:4)
  9 orcs
  A ball python (D:1)
  5 giant cockroaches
  12 hobgoblins
  2 jackals (D:3)
  A quokka (D:2)
  8 bats
  6 frilled lizards
  12 goblins
  6 kobolds
  6 rats
78 creatures vanquished.

Notes
Turn   | Place    | Note
-------+----------+-------------------------------------------
     0 | D:1      | Gingerlord the Mummy Artificer began the quest for the Orb.
     0 | D:1      | Reached XP level 1. HP: 15/15 MP: 2/2
   215 | D:1      | Reached XP level 2. HP: 21/21 MP: 3/3
   873 | D:2      | Reached skill level 1 in Armour
  1050 | D:2      | Reached XP level 3. HP: 12/26 MP: 4/4
  1276 | D:2      | Found a basalt altar of Yredelemnul.
  1276 | D:2      | Found a shimmering altar of Xom.
  2029 | D:3      | Reached skill level 1 in Axes
  2029 | D:3      | Reached XP level 4. HP: 30/33 MP: 5/5
  2565 | D:3      | Reached XP level 5. HP: 36/39 MP: 6/6
  2568 | D:3      | Noticed Ijyb
  2590 | D:3      | Killed Ijyb
  2760 | D:4      | Noticed a phantom
  3097 | D:4      | Killed from afar by an orc priest

Skill      XL: |  1  2  3  4  5 |
---------------+----------------+-----
Dodging        | 2 |  2.9
Armour         | 1 2 |  2.0
Fighting       | 2 |  2.6
Axes           | 1 |  1.8
Short Blades   | |  0.7
Stealth        | |  0.7
Evocations     | |  2.4

Action                   |  1- 3 |  4- 6 || total
-------------------------+-------+-------++-------
Melee: Short sword       |   133 |       ||   133
       War axe           |    73 |   179 ||   252
Evoke: Wand              |     2 |       ||     2
  Use: Scroll            |       |     5 ||     5
Armor: Leather armour    |    31 |       ||    31
       Chain mail        |    93 |   128 ||   221
Dodge: Dodged            |   112 |    76 ||   188
